[Event "*** SCC Grand Prix: Titled Tuesday Blitz"]
[Site "Chess.com"]
[Date "2020.09.08"]
[Round "8"]
[White "annamaja"]
[Black "lider34"]
[Result "1-0"]
[WhiteElo "2301"]
[BlackElo "2397"]
[TimeControl "180+1"]
[EndTime "11:35:58 PDT"]
[Termination "annamaja won by checkmate"]

1. e4 c5 2. Nf3 d6 3. d4 cxd4 4. Nxd4 Nf6 5. Nc3 g6 6. g3 Nc6 7. Bg2 Nxd4 8. Qxd4 Bg7 9. Qd3 O-O 10. O-O Be6 11. Kh1 Qc8 12. Qd2 Qc4 13. f4 Rac8 14.
f5 Bd7 15. fxg6 hxg6 16. e5 Ng4 17. Rf4 Qc5 18. exd6 exd6 19. Nd5 Rfe8 20. Rf1 Qxc2 21. Qf4 f5 22. Qxd6 Nf2+ 23. Kg1 Re2 24. Ne7+ Rxe7 25.
Qxe7 Bd4 26. Bd5+ Kh8 27. Qh4+ Kg7 28. Bh6+ Kh7 29. Bf8# 1-0

[Event "*** SCC Grand Prix: Titled Tuesday Blitz"]
[Site "Chess.com"]
[Date "2020.09.08"]
[Round "8"]
[White "crossingthestreet"]
[Black "keepitcool9499"]
[Result "1-0"]
[WhiteElo "2454"]
[BlackElo "2636"]
[TimeControl "180+1"]
[EndTime "11:35:59 PDT"]
[Termination "crossingthestreet won by checkmate"]

1. c4 e6 2. Nc3 d5 3. e3 Nf6 4.
Nf3 Be7 5. b3 O-O 6. Bb2 b6 7.
cxd5 exd5 8. d4 Bb7 9. Bd3 Nbd7 10. O-O c5 11. dxc5 Nxc5 12. Bf5 Nce4 13. Nd4 g6 14.
Bh3 Bc8 15. Bxc8 Rxc8 16. Rc1 Nxc3 17. Rxc3 Ne4 18. Rxc8 Qxc8 19. Ne2 Qe6 20. Nf4 Qd6 21. Nxd5 Rd8 22. Qd4 f6 23. Qxe4 Qxd5 24. Qxe7 Qd6 25. Qxf6 Qxf6 26. Bxf6 Rd2 27. a4 Rd3 28. Rb1 a6 29.
Kf1 b5 30. Ke2 Rd5 31. axb5 Rxb5 32. Kd3 Kf7 33. Bd4 Ke6 34. b4 a5 35. Kc4 Rxb4+ 36. Rxb4 axb4 37. Kxb4 Kd5 38. f3 h5 39. Kc3 g5 40.
e4+ Ke6 41. Kd3 g4 42. f4 h4 43. Ke3 Kf7 44. f5 g3 45. hxg3 h3 46. gxh3 Kg8 47. Kf4 Kh7 48. e5 Kh6 49. Kg4 Kh7 50. Kg5 Kg7 51. e6+ Kg8 52. f6 Kh8 53. Kg6 Kg8 54.
f7+ Kf8 55. Bc5# 1-0

[Event "*** SCC Grand Prix: Titled Tuesday Blitz"]
[Site "Chess.com"]
[Date "2020.09.08"]
[Round "8"]
[White "larisakalinina"]
[Black "Chessbard1972"]
[Result "0-1"]
[WhiteElo "1908"]
[BlackElo "2331"]
[TimeControl "180+1"]
[EndTime "11:36:00 PDT"]
[Termination "Chessbard1972 won on time"]

1. e4 c5 2. Nf3 a6 3. d4 cxd4 4. Qxd4 Nc6 5. Qe3 d6 6. Nc3 g6 7. Bd2 Bg7 8. Bc4 Nf6 9. h3 O-O 10. O-O Bd7 11. a4 Rc8 12. Nd5 Nxd5 13. exd5 Ne5 14. Nxe5 Bxe5 15. Bd3 b5 16. axb5 axb5 17.
c3 Bg7 18. Rfe1 Bf6 19. Ra7 Ra8 20. Rea1 Rxa7 21. Rxa7 Qc8 22. g4 b4 23. cxb4 Bxb2 24. Qxe7 Bxg4 25. Bh6 Bg7 26. Rc7 Qa8 27. Bxg7 Kxg7 28.
hxg4 Qxd5 29. Bf1 Ra8 30. b5 Ra4 31. Qe2 Qg5 32. f3 Rd4 33. Qe7 Qf4 34. b6 Rd2 35. Qxf7+ Qxf7 36. Rxf7+ Kxf7 0-1

[Event "*** SCC Grand Prix: Titled Tuesday Blitz"]
[Site "Chess.com"]
[Date "2020.09.08"]
[Round "8"]
[White "angryhorse9"]
[Black "jamik13"]
[Result "1-0"]
[WhiteElo "2518"]
[BlackElo "2230"]
[TimeControl "180+1"]
[EndTime "11:36:02 PDT"]
[Termination "angryhorse9 won on time"]

1. e4 e5 2. Bc4 Nc6 3. Nc3 Nf6 4. d3 Bc5 5. f4 d6 6. Nf3 O-O 7. f5 Ng4 8. Qe2 Bf2+ 9. Kf1 Bb6 10. Nd5 Kh8 11. h3 Nf6 12. Bg5 Nd4 13. Nxd4 Bxd4 14. c3 Bb6 15. Nxf6 gxf6 16. Bh4 c6 17.
Qh5 Kg7 18. Ke2 d5 19. Bb3 h6 20. Rhf1 Kh7 21. Rf3 Qe7 22. g4 Bd7 23. g5 fxg5 24.
f6 1-0

[Event "*** SCC Grand Prix: Titled Tuesday Blitz"]
[Site "Chess.com"]
[Date "2020.09.08"]
[Round "8"]
[White "Grandelicious"]
[Black "Mazetovic"]
[Result "1-0"]
[WhiteElo "2806"]
[BlackElo "2638"]
[TimeControl "180+1"]
[EndTime "11:36:05 PDT"]
[Termination "Grandelicious won by resignation"]

1. Nf3 Nf6 2. g3 g6 3. b3 Bg7 4. Bb2 O-O 5. Bg2 d6 6. c4 e5 7.
O-O c5 8. Nc3 Nc6 9. d3 h6 10.
Ne1 Be6 11. Nd5 Rb8 12. Nc2 Qd7 13. Nce3 Nh7 14. a3 b5 15. cxb5 Rxb5 16. b4 Nd4 17. Bc3 Nf6 18. Nxf6+ Bxf6 19. a4 Rxb4 20. Bxb4 cxb4 21.
Nd5 Bxd5 22. Bxd5 a5 23. e3 Ne6 24. Qg4 Re8 25. Rfc1 h5 26. Bxe6 Rxe6 27. Qc4 d5 28. Qc8+ Qxc8 29. Rxc8+ Kg7 30. Rc5 d4 31. exd4 exd4 32.
Rxa5 Rc6 33. Rb5 Be7 34. a5 Ra6 35. Rb6 Ra7 36. a6 Bc5 37. Rb5 Be7 38. Rb7 1-0

[Event "*** SCC Grand Prix: Titled Tuesday Blitz"]
[Site "Chess.com"]
[Date "2020.09.08"]
[Round "8"]
[White "Dr-Bassem"]
[Black "Beltraxtor"]
[Result "1-0"]
[WhiteElo "2775"]
[BlackElo "2589"]
[TimeControl "180+1"]
[EndTime "11:36:07 PDT"]
[Termination "Dr-Bassem won on time"]

1. c4 c6 2. e4 d5 3. exd5 cxd5 4. d4 Nf6 5. Nc3 Nc6 6. Bg5 dxc4 7. Bxc4 Qxd4 8. Qxd4 Nxd4 9. O-O-O e5 10. f4 Bg4 11.
Nf3 Nxf3 12. gxf3 Bxf3 13. fxe5 Nd7 14. Rhf1 Nxe5 15. Rde1 f6 16. Rxf3 O-O-O 17. Rxe5 fxe5 18. Be6+ Kc7 19. Nb5+ Kb6 20. Bxd8+ Kxb5 21. Bd7+ Kc4 22. Kc2 Bc5 23. Bh4 Bd4 24. Be6+ Kc5 25. Rf7 Re8 26.
Bg4 e4 27. Rxb7 e3 28. Be2 Kc6 29. Re7 Rc8 30. Kd3 Rd8 31. Re6+ Kb7 32. Bxd8 1-0

[Event "*** SCC Grand Prix: Titled Tuesday Blitz"]
[Site "Chess.com"]
[Date "2020.09.08"]
[Round "8"]
[White "MPGM"]
[Black "Gorin_Leonid"]
[Result "0-1"]
[WhiteElo "2475"]
[BlackElo "2631"]
[TimeControl "180+1"]
[EndTime "11:36:07 PDT"]
[Termination "Gorin_Leonid won on time"]

1. d4 Nf6 2. c4 e6 3. Nf3 b6 4. g3 Ba6 5. b3 b5 6. cxb5 Bxb5 7. Bg2 Bc6 8. O-O a5 9. a4 Bb4 10. Ba3 Na6 11. Bxb4 Nxb4 12. Na3 O-O 13. Nc4 Qb8 14.
Rc1 Qb7 15. Nh4 Bxg2 16. Nxg2 Rfb8 17. Nf4 Na2 18. Rc2 Nb4 19. Rb2 Nfd5 20. Nxd5 exd5 21. Ne5 d6 22. Nd3 Nc6 23. e3 Nb4 24. Qd2 g6 25. Rc1 Ra7 26. Nxb4 Qxb4 27. Qxb4 Rxb4 28. Rbc2 Rbb7 29.
Rc3 Kf8 30. h4 h5 31. Kg2 Ke8 32. Kf3 Kd7 33. Kf4 f6 34. f3 Rb4 35. Rg1 Rab7 36.
g4 Rxb3 37. Rxb3 Rxb3 38. gxh5 gxh5 39. Rg6 Ke6 40. Rh6 c5 41. dxc5 dxc5 42. Rxh5 Rb4+ 43. e4 dxe4 44. fxe4 Rxa4 45. Rxc5 Ra1 46. Rc6+ Kf7 47.
Ra6 a4 48. Ke3 a3 49. h5 a2 50. Ra7+ Kg8 51. Ra8+ Kh7 52. Ra7+ Kh6 53. e5 fxe5 54.
Ra6+ Kxh5 0-1

[Event "*** SCC Grand Prix: Titled Tuesday Blitz"]
[Site "Chess.com"]
[Date "2020.09.08"]
[Round "8"]
[White "kosya4ok"]
[Black "Alexander_Zubov"]
[Result "0-1"]
[WhiteElo "2679"]
[BlackElo "2956"]
[TimeControl "180+1"]
[EndTime "11:36:08 PDT"]
[Termination "Alexander_Zubov won on time"]

1. d4 Nf6 2. c4 g6 3. Nc3 d5 4. Nf3 Bg7 5. h4 c6 6. Bg5 h6 7. Bxf6 Bxf6 8. e3 e6 9. Qc2 Nd7 10. O-O-O Bg7 11. g4 O-O 12. g5 h5 13. Bd3 b5 14. cxd5 b4 15. Ne4 cxd5 16. Nd6 Qb6 17. Nxf7 Rxf7 18. Nd2 Ba6 19. Bxa6 Qxa6 20. Qxg6 Qxa2 21.
Rdf1 Rc8+ 22. Kd1 Qxb2 23. f4 Nf8 24. Qxh5 Rc2 25. Rh2 Rfc7 26. Ke1 Rc1+ 27. Ke2 R7c2 28. Rxc1 Rxd2+ 29. Kf3 Rxh2 0-1

[Event "*** SCC Grand Prix: Titled Tuesday Blitz"]
[Site "Chess.com"]
[Date "2020.09.08"]
[Round "8"]
[White "Ginger_GM"]
[Black "XiaoKangZhong"]
[Result "1-0"]
[WhiteElo "2598"]
[BlackElo "2430"]
[TimeControl "180+1"]
[EndTime "11:36:08 PDT"]
[Termination "Ginger_GM won on time"]

1. e4 c6 2. Bc4 d5 3. Bb3 dxe4 4. Qh5 g6 5. Qh4 Nf6 6. Nc3 Bg7 7. f3 exf3 8. Nxf3 O-O 9. d4 Nbd7 10. Bh6 Re8 11. Ng5 e6 12. O-O Nf8 13. Rad1 Bxh6 14. Qxh6 Ng4 15. Qh4 h6 16. Nce4 f5 17. Qxg4 fxg4 18. Nf7 Qe7 19. Nxh6+ Kg7 20. Nxg4 Nh7 21. Ne5 Rf8 22.
Rxf8 Qxf8 23. Rf1 Qe7 24. Nc5 b6 25. Ncd3 1-0

[Event "*** SCC Grand Prix: Titled Tuesday Blitz"]
[Site "Chess.com"]
[Date "2020.09.08"]
[Round "8"]
[White "Ariadna_Atreides"]
[Black "anon481216"]
[Result "0-1"]
[WhiteElo "2067"]
[BlackElo "2456"]
[TimeControl "180+1"]
[EndTime "11:36:08 PDT"]
[Termination "anon481216 won by resignation"]

1. d4 d5 2. Nf3 c6 3. c4 e6 4. e3 f5 5. Be2 Nf6 6. Ne5 Nbd7 7. Nxd7 Qxd7 8. Nd2 Bd6 9. b3 O-O 10. Bb2 b6 11.
O-O Bb7 12. Rc1 Qe7 13. f4 c5 14. Nf3 Rfd8 15. Qc2 Ne4 16. cxd5 exd5 17. Ne5 Rac8 18.
Qd3 a6 19. Rfd1 b5 20. dxc5 Bxc5 21. Bd4 Ba3 22. Rxc8 Rxc8 23. g4 fxg4 24. Bxg4 Rf8 25. h3 Qh4 26. Qe2 Qg3+ 27. Qg2 Qxg2+ 28. Kxg2 Bc8 29.
Bxc8 Rxc8 30. Nd7 Rc2+ 31. Kf3 Rf2+ 32. Kg4 Rxa2 33. Nb6 Nf2+ 34. Kf5 Nxd1 0-1

[Event "*** SCC Grand Prix: Titled Tuesday Blitz"]
[Site "Chess.com"]
[Date "2020.09.08"]
[Round "8"]
[White "Deepweb2020"]
[Black "floplover"]
[Result "0-1"]
[WhiteElo "2204"]
[BlackElo "2306"]
[TimeControl "180+1"]
[EndTime "11:36:09 PDT"]
[Termination "floplover won by resignation"]

1. d4 d5 2. c4 e6 3. Nf3 Nf6 4.
g3 Be7 5. Bg2 O-O 6. O-O dxc4 7.
Qc2 a6 8. a4 Bd7 9. Qxc4 Bc6 10.
Nc3 b5 11. Qb3 b4 12. Nb1 Bd5 13. Qc2 c5 14. dxc5 Nc6 15. Nbd2 e5 16. b3 Rc8 17.
Bb2 Re8 18. e4 Be6 19. Nxe5 Nxe5 20. Bxe5 Rxc5 21. Qb2 Rxe5 22. Qxe5 Qxd2 23. Qa5 Bxb3 24. Qxa6 Bc5 25. e5 Ng4 26. Qb5 Bxf2+ 27. Kh1 Rd8 28.
a5 Ne3 29. Be4 Bc4 30. Qb7 Nxf1 31. Rxf1 Bxf1 32. e6 fxe6 33. a6 Bh3 34. Bxh7+ Kh8 0-1

[Event "*** SCC Grand Prix: Titled Tuesday Blitz"]
[Site "Chess.com"]
[Date "2020.09.08"]
[Round "8"]
[White "BogdanDeac"]
[Black "Ermito2020"]
[Result "1-0"]
[WhiteElo "2911"]
[BlackElo "2633"]
[TimeControl "180+1"]
[EndTime "11:36:10 PDT"]
[Termination "BogdanDeac won by resignation"]

1. e4 c6 2. Nf3 d5 3. d3 Bg4 4. h3 Bh5 5. Qe2 e6 6. g4 Bg6 7. h4 h5 8. Ne5 Bh7 9. exd5 Qxd5 10.
Rg1 Nd7 11. Nxd7 Qxd7 12. gxh5 Nf6 13. Bg5 O-O-O 14. h6 Bg6 15. hxg7 Bxg7 16. Nc3 Bh5 17. Qd2 Rdg8 18. Be2 Bxe2 19. Nxe2 Nd5 20. c4 Nb6 21.
O-O-O Na4 22. d4 c5 23. b3 cxd4 24. bxa4 f6 25. Qxd4 Qxd4 26. Nxd4 fxg5 27. hxg5 Rh4 28. Nxe6 Rxc4+ 29. Kb1 Rb4+ 30. Kc2 Rxa4 31. Kb3 Re4 32. Rc1+ Kb8 33. Rge1 Rg4 34. Nxg7 a5 35. Ne6 a4+ 36. Ka3 Re8 37. f4 b5 38. Kb4 Ka7 39. Kxb5 a3 40. Ka5 Rg2 41. Rc7+ Ka8 42. Ka6 Rxa2 43. Ra7+ Kb8 44.
Rb7+ Kc8 45. Rc1+ 1-0

[Event "*** SCC Grand Prix: Titled Tuesday Blitz"]
[Site "Chess.com"]
[Date "2020.09.08"]
[Round "8"]
[White "PotapovaM"]
[Black "GaboSalazar2001"]
[Result "0-1"]
[WhiteElo "2487"]
[BlackElo "2358"]
[TimeControl "180+1"]
[EndTime "11:36:10 PDT"]
[Termination "GaboSalazar2001 won by checkmate"]

1. e4 c5 2. Nf3 d6 3. d4 cxd4 4. Nxd4 Nf6 5. Nc3 e6 6. Bg5 a6 7. Qd2 b5 8. Bd3 Bb7 9. f3 h6 10. Be3 Nbd7 11. a4 b4 12. Nce2 d5 13. e5 Nxe5 14. O-O-O Qa5 15. b3 Rc8 16. Kb1 Be7 17. g4 Nfd7 18. h4 Nc5 19. g5 Ncxd3 20. cxd3 Kd7 21. f4 Ng4 22. g6 fxg6 23. Rhg1 h5 24. f5 gxf5 25. Nf4 e5 26. Nxf5 exf4 27. Bd4 Bf6 28. Qxf4 Qc7 29. Qd2 Bxd4 30. Nxd4 Qc3 31. Qf4 Rhf8 32. Nf5 Qxb3+ 33. Ka1 Qxa4+ 34. Kb1 Qc2+ 35. Ka1 Qc3+ 36. Kb1 Qe5 37. Qxb4 Bc6 38. Rge1 Rb8 39. Rxe5 Rxb4+ 40. Kc2 Nxe5 41. Nxg7 Rf2+ 42. Kc3 a5 43.
Nxh5 d4# 0-1

[Event "*** SCC Grand Prix: Titled Tuesday Blitz"]
[Site "Chess.com"]
[Date "2020.09.08"]
[Round "8"]
[White "Korchmar_Vasiliy"]
[Black "1stSecond"]
[Result "0-1"]
[WhiteElo "2614"]
[BlackElo "2798"]
[TimeControl "180+1"]
[EndTime "11:36:11 PDT"]
[Termination "1stSecond won on time"]

1. d4 Nf6 2. Nf3 e6 3. Bf4 c5 4. c3 Nc6 5. e3 d5 6. Nbd2 Nh5 7. Bg5 Qb6 8. Rb1 h6 9. Bh4 g5 10. Ne5 Nxe5 11. dxe5 Ng7 12. Bg3 h5 13. h3 Nf5 14.
Bh2 g4 15. hxg4 hxg4 16. Qxg4 Bg7 17. Bd3 Bxe5 18. Bxe5 Rxh1+ 19. Ke2 Rxb1 20. Qg8+ Ke7 21. Bxb1 Qxb2 22. g4 Nd6 23. Bxd6+ Kxd6 24. Qf8+ Kc6 25.
Qxf7 Bd7 26. Qf6 Kc7 27. Qe5+ Kb6 28. g5 Bb5+ 0-1

[Event "*** SCC Grand Prix: Titled Tuesday Blitz"]
[Site "Chess.com"]
[Date "2020.09.08"]
[Round "8"]
[White "Schandenfreude"]
[Black "Kislov_Oleg"]
[Result "0-1"]
[WhiteElo "2506"]
[BlackElo "2395"]
[TimeControl "180+1"]
[EndTime "11:36:11 PDT"]
[Termination "Kislov_Oleg won by resignation"]

1. Nf3 d5 2. g3 Nf6 3. Bg2 c6 4. O-O Bg4 5. c4 e6 6. cxd5 exd5 7. d3 Bd6 8. Qb3 Qb6 9. Qc2 O-O 10. Nc3 Nbd7 11.
e4 Rfe8 12. Be3 Qa5 13. a3 dxe4 14. dxe4 Qh5 15. Nh4 Ne5 16. f4 Nc4 17. Bf2 Be7 18. e5 Nd7 19. h3 Be6 20. f5 Bd5 21.
Nxd5 cxd5 22. Bxd5 Ncb6 23. g4 Qh6 24. f6 Nxd5 25. Nf5 Qxh3 26. Nxe7+ Nxe7 27. fxe7 Qxg4+ 28. Kh2 Nxe5 29. Bg3 Rxe7 30. Rf4 Nf3+ 31. Kg2 Nh4+ 32. Kh2 Re2+ 0-1

[Event "*** SCC Grand Prix: Titled Tuesday Blitz"]
[Site "Chess.com"]
[Date "2020.09.08"]
[Round "8"]
[White "diamonds13"]
[Black "lelya96"]
[Result "1-0"]
[WhiteElo "2290"]
[BlackElo "2159"]
[TimeControl "180+1"]
[EndTime "11:36:13 PDT"]
[Termination "diamonds13 won by resignation"]

1. d4 d5 2. c4 c6 3. Nf3 Nf6 4. Nbd2 Bg4 5. h3 Bh5 6. g4 Bg6 7. Bg2 Nbd7 8. e3 dxc4 9. Nxc4 e6 10. O-O Be7 11. Nce5 O-O 12. b3 Be4 13. Bb2 Nd5 14.
Nc4 b5 15. Ncd2 Bg6 16. Ne1 f5 17. Qe2 fxg4 18. hxg4 c5 19. Qxb5 Rb8 20. Qe2 cxd4 21. Bxd4 Nb4 22. Nc4 Bf6 23. Rd1 Qe7 24. Bxa7 Ra8 25.
Bxa8 Rxa8 26. Bd4 Rxa2 27. Qf3 e5 28. Bc3 e4 29. Bxf6 Nxf6 30. Qf4 Nd3 31. Nxd3 exd3 32. Qb8+ Ne8 33. Ne5 Qe6 34. Nxg6 Qxg4+ 35. Qg3 Qxg6 36. Qxg6 hxg6 37. Rxd3 Rb2 38. Rc1 Nf6 39. Rc8+ Kh7 40. e4 Kh6 41. f4 Kh5 42. e5 Ne4 43. Re3 Rb1+ 44. Kg2 Rb2+ 45. Kh3 Nf2+ 46. Kg3 Ng4 47. Rh8+ Nh6 48. e6 g5 49. e7 gxf4+ 50. Kxf4 g5+ 51. Ke5 Kg6 52. e8=Q+ Nf7+ 53. Ke6 1-0

[Event "*** SCC Grand Prix: Titled Tuesday Blitz"]
[Site "Chess.com"]
[Date "2020.09.08"]
[Round "8"]
[White "M1711"]
[Black "GMKrikor"]
[Result "0-1"]
[WhiteElo "2502"]
[BlackElo "2687"]
[TimeControl "180+1"]
[EndTime "11:36:14 PDT"]
[Termination "GMKrikor won by resignation"]

1. e4 c5 2. Nc3 e6 3. f4 d5 4.
Bb5+ Nc6 5. exd5 exd5 6. Qe2+ Be7 7. Nf3 Nf6 8. O-O O-O 9. Bxc6 bxc6 10. d3 Re8 11. Ne5 Bd6 12. Qf2 Qc7 13. Na4 c4 14. dxc4 Ne4 15. Qh4 f6 16. c5 Nxc5 17. Qh5 Ba6 18.
Nd3 Nxa4 19. Rf3 Qf7 20. Qh4 Bc8 21. f5 Re4 22. Qf2 Qe7 23. Be3 c5 24. Nf4 d4 25.
Bd2 Nxb2 26. Rb1 Nc4 27. Nd5 Qf7 28. Nf4 Nxd2 29. Qxd2 Bxf5 30. Nd3 Bg4 31. Rf2 Rae8 32. h3 Be6 33. a4 Bc4 34. Nb2 Bd5 35. Nd3 c4 36.
Nc1 Re1+ 37. Rf1 Rxf1+ 38. Kxf1 Qe6 39. Ne2 Bxg2+ 40. Kxg2 Qxe2+ 41. Qxe2 Rxe2+ 42. Kf3 Rxc2 43. Ke4 Be5 44. Kd5 Kf7 45. Rb7+ Kg6 46. Rxa7 d3 47. Ke4 d2 48. Rd7 c3 49. Ke3 Rc1 0-1

[Event "*** SCC Grand Prix: Titled Tuesday Blitz"]
[Site "Chess.com"]
[Date "2020.09.08"]
[Round "8"]
[White "Ural_bogatyr"]
[Black "GMJustin"]
[Result "0-1"]
[WhiteElo "2329"]
[BlackElo "2237"]
[TimeControl "180+1"]
[EndTime "11:36:14 PDT"]
[Termination "GMJustin won by resignation"]

1. e4 c5 2. Nf3 d6 3. d4 cxd4 4. Qxd4 Nc6 5. Bb5 Bd7 6. Bxc6 Bxc6 7. Nc3 Nf6 8. Bg5 e6 9. O-O-O Be7 10. Qd3 Qa5 11.
Kb1 O-O 12. h4 Rfc8 13. Nd4 Be8 14. f4 Bf8 15. f5 Bd7 16. Nb3 Qb4 17. e5 Ng4 18. fxe6 Bxe6 19. exd6 Nf2 20. Qe2 Nxd1 21. Rxd1 Bxd6 22. Ne4 Bf8 23. Bd2 Qe7 24. Ng5 Bxb3 25. Qxe7 Bxc2+ 26. Kc1 Bxd1+ 27. Kxd1 Bxe7 28. Bc3 Rd8+ 29.
Ke2 Bf6 30. Ne4 Bxc3 31. Nxc3 Rac8 32. Nb5 a6 33. Nc3 Rxc3 34. bxc3 b5 35. a3 f5 36. h5 Kf7 37. Ke3 Ke6 38. g3 Ke5 39. Ke2 g6 40. h6 g5 41. Ke3 f4+ 42. gxf4+ gxf4+ 43. Kf3 Kf5 44. Ke2 0-1

[Event "*** SCC Grand Prix: Titled Tuesday Blitz"]
[Site "Chess.com"]
[Date "2020.09.08"]
[Round "8"]
[White "Machidon"]
[Black "MarceloPlaya"]
[Result "0-1"]
[WhiteElo "2524"]
[BlackElo "2364"]
[TimeControl "180+1"]
[EndTime "11:36:15 PDT"]
[Termination "MarceloPlaya won by resignation"]

1. d4 e6 2. c4 Nf6 3. Nc3 Bb4 4. e3 O-O 5. Bd3 c5 6. Ne2 d6 7. O-O e5 8. Nd5 Nxd5 9. cxd5 Nd7 10. a3 Ba5 11.
dxc5 Nxc5 12. Bc2 Bc7 13. Nc3 f5 14. b4 Nd7 15. Bb2 Nf6 16. Rc1 Qe7 17. Qe2 Bd7 18. Bb1 Rac8 19. a4 Ng4 20. h3 Nh6 21. f4 Be8 22. Nb5 Bxb5 23. Qxb5 Bb6 24. Rxc8 Bxe3+ 25. Kh2 Rxc8 26. fxe5 f4 27. e6 Qg5 28. Qd3 g6 29.
Qe4 Qg3+ 30. Kh1 Ng4 0-1

[Event "*** SCC Grand Prix: Titled Tuesday Blitz"]
[Site "Chess.com"]
[Date "2020.09.08"]
[Round "8"]
[White "Morshynska"]
[Black "snap_man"]
[Result "1-0"]
[WhiteElo "2180"]
[BlackElo "2276"]
[TimeControl "180+1"]
[EndTime "11:36:15 PDT"]
[Termination "Morshynska won by checkmate"]

1. e4 c6 2. d4 d5 3. Nd2 dxe4 4. Nxe4 Bf5 5. Ng3 Bg6 6. h4 h6 7. Nf3 Nf6 8. h5 Bh7 9. Bd3 Bxd3 10. Qxd3 e6 11.
Bf4 c5 12. O-O-O Nc6 13. Kb1 cxd4 14. Nxd4 Nxd4 15. Qxd4 Qxd4 16. Rxd4 Bc5 17. Rd2 Nd5 18.
Be5 f6 19. Ne4 Bb4 20. c3 fxe5 21. cxb4 Nxb4 22. Nc5 O-O 23. Nxe6 Rf6 24. Nc5 b6 25. Ne4 Rf5 26. Rd7 Nc6 27. Rh3 Nd4 28. Rg3 Rxh5 29.
Rgxg7+ Kf8 30. Rgf7+ Kg8 31. Nf6+ Kh8 32. Rh7# 1-0

[Event "*** SCC Grand Prix: Titled Tuesday Blitz"]
[Site "Chess.com"]
[Date "2020.09.08"]
[Round "8"]
[White "platy3"]
[Black "Paladin61"]
[Result "1-0"]
[WhiteElo "2825"]
[BlackElo "2642"]
[TimeControl "180+1"]
[EndTime "11:36:16 PDT"]
[Termination "platy3 won by checkmate"]

1. e4 c5 2. Nf3 d6 3. d4 cxd4 4.
Qxd4 Nf6 5. Be2 Nc6 6. Qe3 Bg4 7. O-O g6 8. c4 Bg7 9. Nc3 O-O 10. Rd1 Nd7 11. b3 Qa5 12. Bb2 Rfc8 13. h3 Bxf3 14. Bxf3 a6 15. Bg4 Rd8 16. Bxd7 Rxd7 17. Rd2 b5 18. Nd5 Bxb2 19. Rxb2 Rb8 20. c5 Qa3 21. Rc2 Nb4 22. Rd2 Nxd5 23. Rxd5 Rc8 24. Rad1 Rdc7 25. cxd6 exd6 26. Rxd6 Rc1 27. Kh2 Rxd1 28. Rxd1 Qxa2 29. Rd7 Re8 30. e5 a5 31. Qf3 Rf8 32. e6 fxe6 33. Qb7 Qb2 34. Qc7 b4 35. Rxh7 Qf6 36.
Rh6 e5 37. Qh7# 1-0

[Event "*** SCC Grand Prix: Titled Tuesday Blitz"]
[Site "Chess.com"]
[Date "2020.09.08"]
[Round "8"]
[White "anasta10"]
[Black "MVM2008"]
[Result "1-0"]
[WhiteElo "2446"]
[BlackElo "2262"]
[TimeControl "180+1"]
[EndTime "11:36:16 PDT"]
[Termination "anasta10 won by checkmate"]

1. d4 d5 2. c4 Nc6 3. Nf3 e5 4. dxe5 d4 5. e3 Bg4 6. Be2 Bb4+ 7. Bd2 d3 8. Bf1 Bxd2+ 9. Nbxd2 Nb4 10. Qa4+ Nc6 11.
Rd1 Ne7 12. Qb3 a6 13. Qxd3 O-O 14. Qxd8 Rfxd8 15. Be2 b5 16. h3 Bf5 17. cxb5 axb5 18.
a3 b4 19. axb4 Nxb4 20. O-O Ra2 21. Nc4 Nd3 22. Nd4 Nxb2 23. Nxb2 Rxb2 24. Nxf5 Rxd1 25. Nxe7+ Kf8 26. Bxd1 Kxe7 27. Bf3 c5 28. Rc1 Rb5 29.
Bd5 Ra5 30. f4 f6 31. exf6+ Kxf6 32. Kf2 g5 33. fxg5+ Kxg5 34. Kf3 h5 35. Rc3 Kf5 36. h4 Ke5 37. Bf7 Kd6 38. Bxh5 Ra1 39. Bg6 Rf1+ 40.
Kg4 Rg1 41. g3 Kd5 42. h5 c4 43. Bf7+ Ke5 44. Rxc4 Kf6 45. Bg6 Kg7 46. Rc7+ Kh6 47. Rh7# 1-0

[Event "*** SCC Grand Prix: Titled Tuesday Blitz"]
[Site "Chess.com"]
[Date "2020.09.08"]
[Round "8"]
[White "glebus008"]
[Black "Ramu_K_FM_FT"]
[Result "1-0"]
[WhiteElo "2165"]
[BlackElo "1959"]
[TimeControl "180+1"]
[EndTime "11:36:16 PDT"]
[Termination "glebus008 won by resignation"]

1. e4 c5 2. Nf3 d6 3. Nc3 g6 4. d4 cxd4 5. Nxd4 Bg7 6. Be3 Nf6 7. f3 O-O 8. Qd2 a6 9. O-O-O Qc7 10. g4 b5 11. h4 Nc6 12. Nxc6 Qxc6 13. h5 b4 14. Ne2 Qa4 15. Kb1 Be6 16. Nc1 Rab8 17. hxg6 fxg6 18. Bd4 Rfc8 19. Qh2 h5 20. gxh5 Nxh5 21.
Bxg7 Kxg7 22. Rd2 Rc3 23. Rg2 Kh6 24. Rxg6+ Kxg6 25. Qxh5+ Kf6 26. Qh6+ Kf7 27. Qh7+ Kf8 28.
Qh6+ Ke8 29. Qxe6 Rxf3 30. Rh8+ Rf8 31. Rxf8+ Kxf8 32. Bc4 Ke8 33. Qg8+ Kd7 34. Qxb8 1-0

[Event "*** SCC Grand Prix: Titled Tuesday Blitz"]
[Site "Chess.com"]
[Date "2020.09.08"]
[Round "8"]
[White "mamey78"]
[Black "narutosmith"]
[Result "1-0"]
[WhiteElo "2446"]
[BlackElo "2241"]
[TimeControl "180+1"]
[EndTime "11:36:17 PDT"]
[Termination "mamey78 won by checkmate"]

1. e4 c5 2. Nf3 Nc6 3. c3 Nf6 4.
e5 Nd5 5. d4 cxd4 6. Bc4 e6 7.
cxd4 d6 8. O-O Be7 9. Qe2 O-O 10.
Nc3 Nxc3 11. bxc3 dxe5 12. dxe5 Qa5 13. a4 Rd8 14. Bd2 Bd7 15. Qe4 Be8 16. h4 Rac8 17.
Bd3 g6 18. c4 Qc7 19. Rfd1 b6 20. h5 Na5 21. hxg6 hxg6 22. Bg5 Nb3 23. Qh4 Bxg5 24. Nxg5 Nxa1 25. Qh7+ Kf8 26. Qh8+ Ke7 27. Qf6+ Kf8 28. Bxg6 Rd2 29. Rxd2 Qe7 30. Qh8# 1-0

[Event "*** SCC Grand Prix: Titled Tuesday Blitz"]
[Site "Chess.com"]
[Date "2020.09.08"]
[Round "8"]
[White "r31415"]
[Black "QuintilianoR"]
[Result "0-1"]
[WhiteElo "2465"]
[BlackElo "2617"]
[TimeControl "180+1"]
[EndTime "11:36:18 PDT"]
[Termination "QuintilianoR won by resignation"]

1. c4 e6 2. Nf3 Nf6 3. d4 b6 4. g3 Bb7 5. Bg2 Bb4+ 6. Bd2 a5 7. O-O O-O 8. Qc2 Be4 9. Qc1 Nc6 10. Bf4 Bxf3 11. exf3 Nxd4 12. Qd1 Bc5 13. Be3 Nc6 14. Bxc5 bxc5 15. Nc3 Rb8 16. Qd2 d6 17. Nb5 d5 18.
f4 dxc4 19. Qxd8 Nxd8 20. a4 Nd5 21. Rac1 c6 22. Nd6 Rxb2 23. Nxc4 Rb4 24. Nxa5 Rxa4 25. Rxc5 Ra2 26. Rfc1 Nb4 27. Be4 Na6 28. Bb1 Ra1 29. Nb3 Nxc5 30. Nxa1 Nd7 31. Nb3 c5 32. Nxc5 Nxc5 33.
Rxc5 Nb7 34. Rc7 Nd6 35. Kg2 g6 36. Bd3 Rd8 37. Kf3 Ne8 38. Be4 Nxc7 0-1

[Event "*** SCC Grand Prix: Titled Tuesday Blitz"]
[Site "Chess.com"]
[Date "2020.09.08"]
[Round "8"]
[White "ailime26"]
[Black "natelleka"]
[Result "0-1"]
[WhiteElo "1893"]
[BlackElo "2117"]
[TimeControl "180+1"]
[EndTime "11:36:18 PDT"]
[Termination "natelleka won on time"]

1. e4 e5 2. Nf3 Nf6 3. Nc3 Bb4 4. Nxe5 Bxc3 5. dxc3 d6 6. Nf3 Nxe4 7. Bd3 d5 8. Bxe4 dxe4 9. Qxd8+ Kxd8 10. Ng5 Be6 11. Nxe4 Nd7 12. O-O c6 13. Bf4 Re8 14. Nd6 Rf8 15.
Nxb7+ Ke8 16. Nd6+ Ke7 17. Rfe1 g5 18. Bg3 Kf6 19.
Rad1 Kg6 20. h3 Nf6 21. b3 Nd5 22. c4 Nc3 23. Rd2 Nxa2 24. Be5 Nb4 25. Re3 a5 26. Rf3 f6 27. Bc3 Rad8 28. Ne4 Rxd2 29. Nxd2 Nxc2 30.
Bxa5 Nd4 31. Re3 Bf7 32. Bc3 Nf5 33. Rf3 Be6 34. Ne4 c5 35. Nxf6 Nh4 36. Rg3 Rxf6 37. Bxf6 Kxf6 38. Re3 Nf5 39. Re4 Nd4 0-1